 Dungeon Crawl Stone Soup version 0.20-a0-1114-g33edf32 (webtiles) character file.

154792 Monsterracer the Severer (level 17, 0/161 HPs)
             Began as a Hill Orc Fighter on May 5, 2017.
             Was the Champion of Qazlal.
             Slain by an anaconda (11 damage)
             ... on level 3 of the Snake Pit on May 6, 2017.
             The game lasted 01:25:59 (26030 turns).

Monsterracer the Severer (Hill Orc Fighter)        Turns: 26030, Time: 01:25:59

Health: 0/161      AC: 27    Str: 26    XL:     17   Next: 33%
Magic:  29/29      EV: 10    Int: 13    God:    Qazlal [******]
Gold:   2506       SH:  8    Dex: 15    Spells: 1/16 levels left

rFire    + + +     SeeInvis .   e - +8 battleaxe of Sietsimn {chop, MR+++}
rCold    + + .     Gourm    .   (shield currently unavailable)
rNeg     . . .     Faith    .   K - +2 chain mail "Put-Me-On" {Str+5 Stlth-}
rPois    +         Spirit   .   U - +2 helmet {Int+3}
rElec    +         Reflect  .   L - +1 cloak
rCorr    +         Harm     .   j - +0 pair of gloves
MR       ++++.                  l - +1 pair of boots
Stlth    ..........             M - amulet "Wexesch" {rC+ Regen+ Int+2}
Regen    0.8/turn               H - ring of poison resistance
MPRegen  0.3/turn               X - ring of protection from fire

@: lethally poisoned (0 -> 0), resistant, protected from electricity,
constricted, repel missiles
A: icy blue scales 1, fire resistance 1
}: 1/15 runes: decaying
a: Upheaval, Elemental Force, Disaster Area, Renounce Religion


You were on level 3 of the Snake Pit.
You worshipped Qazlal.
Qazlal was exalted by your worship.
You were not hungry.

You visited 6 branches of the dungeon, and saw 28 of its levels.
You also visited: Ossuary and Ice Cave.

You collected 2871 gold pieces.
You spent 365 gold pieces at shops.

Inventory:

Hand Weapons
 e - the +8 battleaxe of Sietsimn (weapon) {chop, MR+++}
   (You acquired it on level 11 of the Dungeon)

   It inflicts extra damage upon your enemies.
   It affects your resistance to hostile enchantments.
 W - a +1 great mace of holy wrath
Armour
 j - a +0 pair of gloves (worn)
 l - a +1 pair of boots (worn)
 K - the +2 chain mail "Put-Me-On" (worn) {Str+5 Stlth-}
   (You found it on level 9 of the Dungeon)

   It affects your strength (+5).
   It makes you less stealthy.
 L - a +1 cloak (worn)
 U - a +2 helmet of intelligence (worn)
Jewellery
 a - a +5 ring of strength
 h - an uncursed ring of resist corrosion
 i - an uncursed ring of teleportation
 H - a ring of poison resistance (left hand)
 M - the amulet "Wexesch" (around neck) {rC+ Regen+ Int+2}
   (You found it on level 11 of the Dungeon)

   [amulet of regeneration]

   It affects your intelligence (+2).
   It protects you from cold.
   It increases your rate of regeneration.
 N - an uncursed ring of protection from cold
 X - a ring of protection from fire (right hand)
Wands
 b - a wand of clouds (8/9)
 r - a wand of acid (11/15)
 u - a wand of lightning (8/15)
Scrolls
 g - 3 scrolls of blinking
 m - 4 scrolls of enchant weapon
 n - 14 scrolls of remove curse
 o - 22 scrolls of teleportation
 x - 11 scrolls of identify
 y - 3 scrolls of amnesia
 z - 4 scrolls of magic mapping
 D - a scroll of summoning
 E - 3 scrolls of fog
 O - a scroll of holy word
 S - 2 scrolls of enchant armour
 T - 2 scrolls of immolation
Potions
 d - 12 potions of curing
 q - 2 potions of flight
 v - 3 potions of might
 A - 2 potions of agility
 B - 5 potions of brilliance
 G - 4 potions of haste
 J - 2 potions of heal wounds
 P - 2 potions of resistance
 Q - 2 potions of mutation
 V - a potion of invisibility
Books
 t - a book of Enchantments

   Spells                             Type                      Level
   a - Cause Fear                     Hexes                        4
   b - Yara's Violent Unravelling     Hexes/Transmutation          5
   c - Silence                        Hexes/Air                    5
   d - Deflect Missiles               Charms/Air                   6
   e - Discord                        Hexes                        8
Comestibles
 c - 6 chunks of flesh
 f - 13 bread rations
 p - 11 meat rations
 s - 26 fruits
 w - 11 royal jellies


   Skills:
 * Level 17.2 Fighting
 - Level 20.0 Axes
 + Level 14.5 Armour
 + Level 7.6 Dodging
   Level 8.0 Shields
 + Level 16.0 Invocations


You had one spell level left.
You knew the following spells:

 Your Spells              Type           Power        Failure   Level  Hunger
a - Summon Small Mammal   Summ           #...         75%         1    ##.....
b - Confuse               Hex            #.......     98%         3    ####...
c - Regeneration          Chrm/Necr      #.........   98%         3    ####...
d - Conjure Flame         Conj/Fire      #.......     98%         3    ####...
e - Silence               Hex/Air        #.........   100%        5    ######.


Dungeon Overview and Level Annotations

Branches:
Dungeon (12/15)            Temple (1/1) D:4            Lair (6/6) D:11
  Swamp (4/4) Lair:3        Snake (3/4) Lair:2        Slime (0/5) Lair:6
    Orc (2/2) D:12            Elf (0/3) Orc:2

Altars:
Ashenzari
Cheibriados
Dithmenos
Elyvilon
Fedhas
Gozag
Hepliaklqana
Kikubaaqudgha
Makhleb
Nemelex Xobeh
Okawaru
Qazlal
Ru
Sif Muna
Trog
Uskayaw
Vehumet
Wu Jian
Xom
Yredelemnul
Zin
The Shining One
Beogh
Jiyva

Shops:
D:5 ?   D:11 %   Orc:2 ?%[(   Snake:1 }=}?   Snake:2 }

Annotations:
Snake:3 Vashnia


Innate Abilities, Weirdness & Mutations

You are partially covered in icy blue scales. (AC +2)
Your flesh is heat resistant. (rF+)


Message History

You feel much better.
The shock serpent bites you but does no damage.
The anaconda is engulfed in blazing flames.
The anaconda closely misses you.
* * * LOW HITPOINT WARNING * * *
The anaconda constricts you.
The anaconda is engulfed in blazing flames.
The anaconda bites you but does no damage.
The anaconda constricts you.
The shock serpent bites you but does no damage.
The naga barely misses you.
You miss the anaconda.
The anaconda is almost dead.
You slash the shock serpent!
The shock serpent's electric aura discharges, shocking you!
* * * LOW HITPOINT WARNING * * *
You feel sick.
The anaconda is engulfed in blazing flames.
The anaconda bites you!
You die...

. .. #.
# #. .
#.####.#
#.§..#.#
#§S).N?#
#..@§#
#..S##
#§§.#
#....
#.....
...####
...#
....
###..


You could see an anaconda, a shock serpent and a naga.

Vanquished Creatures
  Saint Roka (Orc:2)
  A bone dragon (Swamp:4)
  4 thorn hunters
  Kirke (Swamp:1)
  Snorg (Lair:6)
  Erolcha (D:12)
  9 hydras
  The ghost of Shinoi the Destroyer, a journeyman DgCj (D:9)
  2 naga warriors
  3 ghost crabs
  7 two-headed ogres
  3 anacondas
  14 alligators
  A shock serpent (Snake:2)
  3 naga sharpshooters (Snake:2)
  Sonja (D:11)
  A fire crab (Lair:6)
  A salamander mystic (Snake:2)
  A spriggan druid (Swamp:2)
  5 swamp dragons
  An unseen horror (D:11)
  2 shambling mangroves
  6 spectral hydras (Swamp:4)
  4 naga ritualists
  A harpy (shapeshifter) (D:11)
  A necromancer (IceCv)
  A phantasmal warrior (Swamp:4)
  A deep elf mage (D:9)
  2 oklob plants (Lair:4)
  9 mana vipers
  4 orc knights
  3 orc sorcerers
  2 cyclopes
  3 salamanders
  5 naga magi
  Maurice (D:10)
  Joseph (D:7)
  22 black mambas
  4 guardian serpents
  4 ice statues (IceCv)
  22 spiny frogs
  2 centaur skeletons
  4 swamp worm zombies (Swamp:4)
  7 komodo dragons
  10 ice devils (IceCv)
  4 hydra zombies (Swamp:4)
  3 trolls
  21 slime creatures
  4 polar bears (Lair:6)
  A spectral swamp dragon (Swamp:4)
  15 blink frogs
  5 tyrant leeches
  20 hornets
  10 hippogriffs
  6 bog bodies
  10 dream sheep
  An alligator zombie (Swamp:4)
  Sigmund (D:2)
  4 shadows
  24 spriggans
  22 yaks
  Grum (Lair:1)
  4 hungry ghosts
  4 hogs (Swamp:1)
  9 vampire mosquitoes
  12 nagas
  Menkaure (D:5)
  20 insubstantial wisps
  2 wargs (Orc:1)
  22 swamp worms
  5 porcupines
  12 water moccasins
  A soldier ant (D:10)
  2 sky beasts (D:9)
  7 swamp drakes
  35 orc warriors
  5 black bears
  An eye of draining (D:11)
  An ice beast (D:6)
  9 ogres
  6 necrophages
  A hornet zombie (D:10)
  4 centaurs
  3 swamp dragon zombies (Swamp:4)
  3 boggarts (Lair:6)
  5 phantoms
  22 wolves
  A big kobold (D:10)
  5 crocodiles
  2 elf zombies (Ossuary)
  17 bullfrogs
  A water moccasin zombie (D:8)
  A wyvern skeleton (D:11)
  6 scorpions
  13 killer bees
  13 wights
  An electric eel (Lair:3)
  3 howler monkeys
  3 draconian simulacra (IceCv)
  A bullfrog zombie (D:8)
  3 centaur zombies
  4 crimson imps
  9 hounds
  18 orc priests
  Jessica (D:2)
  2 bullfrog skeletons
  2 iguanas (D:10)
  A spectral swamp drake (Swamp:4)
  23 orc wizards
  6 worker ants
  A troll simulacrum (IceCv)
  2 killer bee zombies
  2 centaur simulacra (IceCv)
  2 hound skeletons (D:4)
  2 hound zombies (D:8)
  3 mummies
  2 worker ant zombies
  Robin (D:2)
  3 gnolls (Orc:2)
  11 adders
  2 naga simulacra (IceCv)
  2 ogre simulacra (IceCv)
  5 shadow imps
  An ooze (D:4)
  2 adder skeletons
  A worm (D:2)
  A dart slug (D:1)
  8 leopard geckos
  108 orcs
  5 giant cockroaches
  17 goblins
  6 hobgoblins
  17 jackals
  5 quokkas
  A ball python (D:1)
  6 bats
  5 frilled lizards
  10 hobgoblin zombies (Ossuary)
  2 jackal zombies (Ossuary)
  9 kobolds
  10 kobold zombies (Ossuary)
  10 orc zombies (Ossuary)
  A quokka skeleton (D:4)
  7 rats
  2 rat zombies (Ossuary)
  11 briar patches
  3 butterflies (Lair:5)
  A fungus (Lair:5)
  6 plants
960 creatures vanquished.

Vanquished Creatures (collateral kills)
  A dream sheep (Lair:6)
  A wolf (Lair:6)
  A howler monkey (D:8)
3 creatures vanquished.

Vanquished Creatures (others)
  A spriggan druid (Swamp:4)
  A spiny frog (Swamp:4)
  A shadow (Swamp:2)
  A worker ant zombie (D:8)
  6 briar patches
  4 fungi (Lair:6)
  4 plants (Swamp:4)
18 creatures vanquished.

Grand Total: 981 creatures vanquished

Notes
Turn   | Place    | Note
-------+----------+-------------------------------------------
     0 | D:1      | Monsterracer the Hill Orc Fighter began the quest for the Orb.
     0 | D:1      | Reached XP level 1. HP: 19/19 MP: 1/1
    14 | D:1      | Reached skill level 3 in Axes
    73 | D:1      | Reached XP level 2. HP: 26/26 MP: 2/2
   153 | D:1      | Reached skill level 4 in Axes
   521 | D:1      | Gained mutation: You are partially covered in icy blue scales. (AC +2) [potion of mutation]
   521 | D:1      | Gained mutation: Your flesh is heat resistant. (rF+) [potion of mutation]
   534 | D:2      | Noticed Sigmund
   546 | D:1      | Reached XP level 3. HP: 27/31 MP: 3/3
   588 | D:2      | Killed Sigmund
   588 | D:2      | Reached skill level 7 in Axes
   588 | D:2      | Reached XP level 4. HP: 27/39 MP: 4/4
   588 | D:2      | Reached XP level 5. HP: 32/45 MP: 5/5
   695 | D:2      | Noticed Jessica
   699 | D:2      | Killed Jessica
   836 | D:2      | Reached skill level 8 in Axes
   836 | D:2      | Reached XP level 6. HP: 51/51 MP: 6/6
  1029 | D:2      | Noticed Robin
  1056 | D:2      | Killed Robin
  1963 | D:4      | Found a burning altar of Makhleb.
  1963 | D:4      | Noticed a cacodemon
  1977 | D:4      | Reached skill level 1 in Dodging
  1989 | D:4      | Reached XP level 7. HP: 59/59 MP: 7/7
  2003 | D:4      | Found an ornate altar of the Wu Jian Council.
  2016 | D:4      | Found a shattered altar of Ashenzari.
  2018 | D:4      | Found a shadowy altar of Dithmenos.
  2027 | D:4      | Reached skill level 9 in Axes
  2115 | D:4      | Found a staircase to the Ecumenical Temple.
  2124 | Temple   | Entered the Ecumenical Temple
  2263 | Temple   | Became a worshipper of Qazlal Stormbringer
  2456 | D:5      | Entered Level 5 of the Dungeon
  2583 | D:5      | Reached skill level 1 in Invocations
  2593 | D:5      | Reached XP level 8. HP: 40/67 MP: 7/9
  2610 | D:5      | Reached skill level 10 in Axes
  2615 | D:5      | Reached skill level 5 in Fighting
  2727 | D:5      | Found Jijeoz's Magic Scroll Boutique.
  2727 | D:5      | Noticed Menkaure
  2735 | D:5      | Killed Menkaure
  2777 | D:5      | Found a sand-covered staircase.
  2786 | Ossuary  | Entered an ossuary
  2969 | Ossuary  | Reached * piety under Qazlal
  3137 | Ossuary  | Reached skill level 5 in Armour
  3745 | D:4      | Found a deep blue altar of Sif Muna.
  3791 | D:4      | You fall through a shaft for 3 floors!
  3891 | D:7      | Learned a level 5 spell: Silence
  3925 | D:6      | Reached ** piety under Qazlal
  3973 | D:6      | Reached skill level 11 in Axes
  3973 | D:6      | Reached XP level 9. HP: 75/75 MP: 11/11
  4306 | D:5      | Found a glowing silver altar of Zin.
  4763 | D:6      | Reached skill level 5 in Shields
  4763 | D:6      | Reached skill level 5 in Invocations
  5749 | D:7      | Noticed Joseph
  5772 | D:7      | Killed Joseph
  5772 | D:7      | Reached skill level 12 in Axes
  5772 | D:7      | Reached XP level 10. HP: 58/86 MP: 14/14
  6041 | D:7      | Found a shattered altar of Ashenzari.
  6207 | D:7      | Learned a level 1 spell: Confusing Touch
  6209 | D:7      | Learned a level 1 spell: Summon Small Mammal
  6211 | D:7      | Learned a level 1 spell: Animate Skeleton
  6223 | D:7      | Found a radiant altar of Vehumet.
  6578 | D:8      | Found a hide-covered altar of Uskayaw.
  7337 | D:9      | Noticed a two-headed ogre
  7350 | D:9      | Killed a two-headed ogre
  7350 | D:9      | Reached *** piety under Qazlal
  7350 | D:9      | Reached skill level 13 in Axes
  7397 | D:9      | Noticed Shinoi's ghost (journeyman DgCj)
  7407 | D:9      | Killed Shinoi's ghost
  7677 | D:9      | Got a smoking chain mail
  7689 | D:9      | Identified the +2 chain mail "Put-Me-On" {Str+5 Stlth-} (You found it on level 9 of the Dungeon)
  7731 | D:9      | Reached XP level 11. HP: 94/94 MP: 16/16
  7916 | D:9      | Found a sparkling altar of Nemelex Xobeh.
  7960 | D:9      | Found a shattered altar of Ashenzari.
  7961 | D:9      | Noticed a deep elf mage
  7966 | D:9      | Killed a deep elf mage
  8076 | D:10     | Entered Level 10 of the Dungeon
  8082 | D:10     | Noticed a two-headed ogre
  8087 | D:10     | Killed a two-headed ogre
  8087 | D:10     | Reached skill level 14 in Axes
  8113 | D:10     | Noticed Maurice
  8129 | D:10     | Killed Maurice
  8437 | D:10     | Noticed a two-headed ogre
  8444 | D:10     | Killed a two-headed ogre
  9011 | D:11     | Found a staircase to the Lair.
  9116 | D:11     | Reached **** piety under Qazlal
  9139 | D:11     | Got a slimy steel amulet
  9149 | D:11     | Identified the amulet "Wexesch" {rC+ Regen+ Int+2} (You found it on level 11 of the Dungeon)
  9260 | D:11     | Killed an unseen horror
  9312 | D:11     | Noticed Sonja
  9327 | D:11     | Killed Sonja
  9353 | D:11     | Noticed a harpy
  9353 | D:11     | a human changed into a harpy
  9359 | D:11     | Killed a harpy
  9427 | D:11     | Found Soatopo's Food Shop.
  9439 | D:11     | Noticed a two-headed ogre
  9446 | D:11     | Killed a two-headed ogre
  9446 | D:11     | Reached skill level 15 in Axes
  9446 | D:11     | Reached XP level 12. HP: 99/105 MP: 17/19
  9500 | D:11     | Identified a scroll of acquirement
  9503 | D:11     | Got a brightly glowing battleaxe
  9509 | D:11     | Identified the +8 battleaxe of Sietsimn {chop, MR+++} (You acquired it on level 11 of the Dungeon)
  9634 | D:11     | Noticed a frost giant
  9764 | Lair:1   | Entered Level 1 of the Lair of Beasts
  9770 | Lair:1   | Noticed Grum
  9777 | Lair:1   | Killed Grum
  9821 | Lair:1   | Noticed a seven-headed hydra
  9832 | Lair:1   | Killed a seven-headed hydra
 10614 | Lair:2   | Found a staircase to the Snake Pit.
 10627 | Lair:2   | Reached skill level 10 in Fighting
 10980 | Lair:2   | Learned a level 3 spell: Confuse
 11065 | Lair:2   | Reached skill level 10 in Invocations
 11492 | Lair:3   | Reached skill level 16 in Axes
 11907 | Lair:3   | Found a staircase to the Swamp.
 12168 | Lair:4   | Reached XP level 13. HP: 84/114 MP: 20/20
 12297 | Lair:4   | Reached skill level 10 in Armour
 12675 | Lair:4   | Reached skill level 5 in Dodging
 13823 | Lair:6   | Entered Level 6 of the Lair of Beasts
 13832 | Lair:6   | Reached skill level 17 in Axes
 14235 | Lair:5   | Reached ***** piety under Qazlal
 14450 | Lair:6   | Reached XP level 14. HP: 112/125 MP: 22/22
 14486 | Lair:6   | Noticed Snorg
 14496 | Lair:6   | Killed Snorg
 14639 | Lair:6   | Reached skill level 18 in Axes
 14691 | Lair:6   | Learned a level 3 spell: Regeneration
 15026 | Lair:6   | Found a viscous altar of Jiyva.
 15026 | Lair:6   | Found a staircase to the Slime Pits.
 15757 | D:12     | Noticed Erolcha
 15765 | D:12     | Killed Erolcha
 15923 | D:12     | Found a staircase to the Orcish Mines.
 16575 | Orc:1    | Entered Level 1 of the Orcish Mines
 16650 | Orc:1    | Found a frozen archway.
 16668 | IceCv    | Entered an ice cave
 16776 | IceCv    | Reached ****** piety under Qazlal
 17202 | Orc:2    | Entered Level 2 of the Orcish Mines
 17374 | Orc:1    | Found a roughly hewn altar of Beogh.
 17577 | Orc:2    | Found a staircase to the Elven Halls.
 17747 | Orc:2    | Noticed Saint Roka
 17747 | Orc:2    | Found a roughly hewn altar of Beogh.
 18186 | Orc:2    | Killed Saint Roka
 18186 | Orc:2    | Reached skill level 19 in Axes
 18186 | Orc:2    | Reached XP level 15. HP: 91/134 MP: 20/24
 18282 | Orc:2    | Found a roughly hewn altar of Beogh.
 18464 | Orc:2    | Found a roughly hewn altar of Beogh.
 18590 | Orc:2    | Found a roughly hewn altar of Beogh.
 18590 | Orc:2    | Found Zasem's Antique Armour Shop.
 18595 | Orc:2    | Found Foiptoh's Antique Weapon Boutique.
 18676 | Orc:2    | Found a roughly hewn altar of Beogh.
 18676 | Orc:2    | Found Pyfem's Magic Scroll Shoppe.
 18686 | Orc:2    | Bought a scroll of immolation for 35 gold pieces
 18727 | Orc:2    | Found a roughly hewn altar of Beogh.
 18790 | Orc:2    | Found a roughly hewn altar of Beogh.
 18806 | Orc:2    | Found Reakukhliown's Food Emporium.
 18865 | Orc:2    | Found a roughly hewn altar of Beogh.
 18880 | Orc:2    | Found a roughly hewn altar of Beogh.
 19142 | Swamp:1  | Entered Level 1 of the Swamp
 19380 | Swamp:1  | Noticed a thorn hunter
 19402 | Swamp:1  | Killed a thorn hunter
 19570 | Swamp:1  | Noticed Kirke
 19643 | Swamp:1  | Killed Kirke
 20235 | Swamp:2  | Noticed a thorn hunter
 20310 | Swamp:2  | Killed a thorn hunter
 20361 | Swamp:2  | Paralysed by a hornet for 3 turns
 20581 | Swamp:2  | Reached skill level 20 in Axes
 20901 | Swamp:2  | Found a burning altar of Makhleb.
 21463 | Swamp:3  | Reached XP level 16. HP: 129/147 MP: 26/26
 22315 | Swamp:4  | Entered Level 4 of the Swamp
 22497 | Swamp:4  | Reached skill level 15 in Fighting
 22763 | Swamp:4  | Noticed a thorn hunter
 22771 | Swamp:4  | Killed a thorn hunter
 22882 | Swamp:4  | Noticed a bone dragon
 22908 | Swamp:4  | Killed a bone dragon
 22949 | Swamp:4  | Reached skill level 15 in Invocations
 23032 | Swamp:4  | Noticed a thorn hunter
 23044 | Swamp:4  | Killed a thorn hunter
 23196 | Swamp:4  | Got a decaying rune of Zot
 23301 | Swamp:4  | Upgraded the game from 0.20-a0-1109-ge3cd172 to 0.20-a0-1114-g33edf32
 23881 | Snake:1  | Entered Level 1 of the Snake Pit
 23922 | Snake:1  | Found Reakukhliown's Magic Scroll Shop.
 23942 | Snake:1  | Got a brightly glowing shield
 23943 | Snake:1  | Identified the cursed +0 shield "Heexky" {rC+ rN+ Dex-4} (You found it on level 1 of the Snake Pit)
 23952 | Snake:1  | Learned a level 3 spell: Conjure Flame
 24168 | Snake:1  | You fall through a shaft!
 24598 | Snake:1  | Reached XP level 17. HP: 158/159 MP: 28/28
 24638 | Snake:1  | Found Ninia's Gadget Emporium.
 24638 | Snake:1  | Found Fodu's Jewellery Boutique.
 24645 | Snake:1  | Found Egrua's Gadget Emporium.
 24670 | Snake:1  | Bought a cursed amulet of inaccuracy for 30 gold pieces
 24675 | Snake:1  | Bought an uncursed ring of resist corrosion for 300 gold pieces
 25489 | Snake:2  | Found Huka's Gadget Shop.
 25964 | Snake:3  | Noticed Vashnia
 26028 | Snake:3  | HP: 8/161 [anaconda (2)]
 26030 | Snake:3  | Slain by an anaconda

Vault maps used:
D:1:      enne_arrival_octagon_isle
D:2:      uniq_jessica, uniq_robin, uniq_sigmund
D:3:      first_bread
D:4:      makhleb_altar_promises_db, marbit_many_paths,
          grunt_temple_overflow_open, minmay_temple_entry_mist
D:5:      zin_academy, nicolae_ossuary_entry_ruins, gup_sewer_entry_bowl,
          serial_shops, shop, uniq_menkaure
D:6:      hangedman_cross_stitches
D:7:      fiery_altar_vehumet, basic_altar, uniq_joseph
D:8:      lemuel_crystal_altar, serial_undead, serial_undead_c, serial_undead_b,
          serial_undead_e, serial_undead_f, serial_undead_d, serial_undead_b,
          serial_undead_f, serial_undead_e, grunt_ogre_cave
D:9:      nicolae_overflow_hidden_temple, david_defended_altar_elf
D:10:     uniq_maurice
D:11:     lair_entry_dummy, serial_shops, shop, kennysheep_island_fort,
          uniq_sonja
D:12:     hiddenorc2_lemuel, uniq_erolcha
Temple:   oiseaux_autumnal_temple
Lair:1:   uniq_grum
Lair:2:   dummy_snake_entry, grunt_megastairs_2
Lair:3:   swamp_mist_pool
Lair:4:   serial_bayou_shore_b, grunt_megastairs_5, minmay_lair_oklob_chamber
Lair:5:   serial_bayou_lagoon_a, lemuel_fruit_fields
Lair:6:   minmay_lair_end_enchanted_forest, slime_altar_1, uniq_snorg
Swamp:1:  evilmike_swamp_ruin_house_5, swamp_pool1, hangedman_swamp_blocks,
          uniq_kirke
Swamp:2:  basic_altar
Swamp:3:  evilmike_swamp_ruin_house_6
Swamp:4:  swamp_pestilence, swamp_pool2, nicolae_swamp_hydra_murder_den
Snake:1:  serial_shops, shop, minmay_shop_grove, lemuel_fruit_tree
Snake:2:  serial_shops, shop
Snake:3:  uniq_vashnia
Orc:1:    basic_altar, portal_ice_cave_entry_pillars_1
Orc:2:    grunt_orc_community_town_hall, grunt_orc_community_big_house_1,
          grunt_orc_community_big_house_2, grunt_orc_community_house_3,
          grunt_orc_community_house_3, grunt_orc_community_house_3,
          grunt_orc_community_house_1, grunt_orc_community_house_1,
          minmay_orc_temple_a
Ossuary:  ossuary_tomb_1
IceCv:    ice_cave_tombish

Skill      XL: |  1  2  3  4  5  6  7  8  9 10 11 12 13 14 15 16 17 |
---------------+----------------------------------------------------+-----
Axes           | 3 4 7 8 9 11 12 13 15 16 17 19 20 | 20.0
Fighting       | 4 5 7 8 9 10 11 12 14 16 17 | 17.2
Dodging        | 1 2 3 4 6 7 |  7.6
Armour         | 4 5 6 7 8 9 10 12 13 14 | 14.5
Invocations    | 1 3 5 7 9 10 11 13 14 15 16 | 16.0
Shields        | 4 5 6 8 |  8.0

Action                   |  1- 3 |  4- 6 |  7- 9 | 10-12 | 13-15 | 16-18 || total
-------------------------+-------+-------+-------+-------+-------+-------++-------
Melee: War axe           |    67 |   188 |   411 |   394 |       |       ||  1060
       Battleaxe         |       |       |       |   159 |   874 |   549 ||  1582
       Morningstar       |       |       |       |     4 |     6 |       ||    10
       Great mace        |       |       |       |       |    16 |     9 ||    25
Invok: Upheaval          |       |       |     1 |     2 |     2 |     3 ||     8
       Elemental Force   |       |       |       |       |     1 |       ||     1
Evoke: Wand              |       |       |       |       |     2 |       ||     2
  Use: Potion            |     2 |     6 |     5 |     4 |     3 |     4 ||    24
       Scroll            |       |     1 |     9 |    14 |     8 |    12 ||    44
  Eat: Chunk             |       |     3 |     9 |    23 |    32 |    11 ||    78
       Meat ration       |       |       |     1 |       |       |       ||     1
       Fruit             |       |       |       |       |     1 |     3 ||     4
       Royal jelly       |       |       |       |       |       |     1 ||     1
Armor: Scale mail        |    32 |    86 |   109 |       |       |       ||   227
       Plate armour      |       |       |    36 |    15 |       |       ||    51
       Chain mail        |       |       |       |   140 |   350 |   173 ||   663
       Swamp dragon scal |       |       |       |       |    57 |   135 ||   192
Dodge: Dodged            |    25 |    53 |    84 |   103 |   418 |   306 ||   989
       Deflected         |       |       |       |       |    16 |    16 ||    32
Block: Shield            |    45 |    87 |   272 |   248 |    13 |       ||   665
       Reflection        |       |       |     9 |       |       |       ||     9
       Other             |       |       |       |    24 |   257 |   212 ||   493
